 Seeded DCSS version 0.29-a0-358-gccd5be9 (webtiles) character file.

Game seed: 5044622485526977468 (custom seed)

134374 edsrzf the Covert (level 17, -4/137 HPs)
             Began as a Gnoll Enchanter on Apr 25, 2022.
             Was a Believer of Ashenzari.
             Killed from afar by a frost giant (34 damage)
             ... with a bolt of cold
             ... on level 4 of the Shoals on Apr 26, 2022.
             The game lasted 02:49:13 (32225 turns).

edsrzf the Covert (Gnoll Enchanter)                Turns: 32225, Time: 02:49:14

Health: -4/137     AC: 20    Str: 11    XL:     17   Next: 17%
Magic:  32/35      EV: 18    Int: 20    God:    Ashenzari [**....]
Gold:   1919       SH:  0    Dex: 13    Spells: 11/44 levels left

rFire   . . .      SeeInvis +   a - +8 arc blade {discharge, rElec}
rCold   . . .      Faith    .   (no shield)
rNeg    + . .      Spirit   .   L - +0 steam dragon scales "Astrological Negation" {Bglg, Cun} (curse)
rPois   .          Reflect  .   y - +0 helmet
rElec   +          Harm     .   e - +1 cloak of Star-Bound Wisdom {Range, Self} (curse)
rCorr   .          Rampage  .   E - +2 pair of gloves {Str+3}
Will    +....                   z - +0 pair of boots
Stlth   +++.......              V - amulet "Revealing Soothsayer" {Regen+, Self, Alch} (curse)
HPRegen 1.12/turn               X - ring of positive energy
MPRegen 0.24/turn               D - +4 ring of protection

@: about to teleport, very slow
A: fangs 1, strong nose, distributed training, claws 1, weak 1
a: Renounce Religion, Shatter the Chains


You were on level 4 of the Shoals.
You worshipped Ashenzari.
Ashenzari was pleased with you.
You visited 5 branches of the dungeon, and saw 28 of its levels.
You visited the Abyss 1 time.
You also visited: Bailey and Volcano.

You collected 2174 gold pieces.
You spent 255 gold pieces at shops.

Inventory:

Hand Weapons
 a - the +8 arc blade (weapon) {discharge, rElec}
   (You took it off Nikola on level 3 of the Shoals)

   It occasionally unleashes powerful arcs of lightning upon striking a foe.
   These may arc to other adjacent creatures (including the wielder, but dealing
   reduced damage to them) before grounding out.
   rElec:     It insulates you from electricity.
 H - a +0 arbalest
Missiles
 B - 11 curare-tipped darts
 G - a throwing net {=f}
 O - 5 boomerangs of dispersal
Armour
 e - the cursed +1 cloak of Star-Bound Wisdom (worn) {Range, Self}
   (You found it on level 3 of the Dungeon)

   It has a curse which improves the following skills: Ranged Combat: Slings,
   Bows, Crossbows and Throwing.
   Introspection: Fighting and Spellcasting.
 x - a +1 cloak
 y - a +0 helmet (worn)
 z - a +0 pair of boots (worn)
 E - a +2 pair of gloves of strength (worn)
 L - the cursed +0 steam dragon scales "Astrological Negation" (worn) {Bglg, Cun}
   (You found it on level 9 of the Dungeon)

   It has a curse which improves the following skills: Beguiling: Conjurations,
   Hexes and Translocations.
   Cunning:   Dodging and Stealth.
 Y - a +2 cloak of fire resistance
 Z - a +3 leather armour of fire resistance
Jewellery
 A - a ring of resist corrosion
 D - a +4 ring of protection (right hand)
 I - a ring of protection from cold
 V - the cursed amulet "Revealing Soothsayer" (around neck) {Regen+, Self, Alch}
   (You found it on level 3 of the Lair of Beasts)

   [amulet of regeneration]

   Regen:     It increases your rate of health regeneration.
   It has a curse which improves the following skills: Introspection: Fighting
   and Spellcasting.
   Alchemy:   Poison Magic and Transmutations.
 W - a ring of fire
 X - a ring of positive energy (left hand)
Wands
 i - a wand of mindburst (33)
 n - a wand of flame (39)
 p - a wand of charming (18)
 w - a wand of iceblast (7)
 J - a wand of polymorph (12)
 Q - a wand of acid (1)
 S - a wand of digging (22)
 U - a wand of paralysis (14)
Scrolls
 b - 2 scrolls of brand weapon
 f - 3 scrolls of silence {!r}
 g - 3 scrolls of magic mapping
 k - 3 scrolls of enchant armour
 r - 5 scrolls of enchant weapon
 v - 6 scrolls of teleportation {@r3}
 F - a scroll of blinking
 M - 3 scrolls of amnesia
 N - 3 scrolls of fog
Potions
 c - a potion of invisibility
 h - a potion of berserk rage {!q}
 j - 3 potions of resistance
 l - a potion of mutation {!q}
 m - 5 potions of haste
 o - 4 potions of might
 q - 8 potions of attraction
 s - 5 potions of flight
 t - a potion of ambrosia
 u - 7 potions of curing
 C - 4 potions of cancellation
 P - 5 potions of magic
 T - 4 potions of brilliance
Miscellaneous
 d - a box of beasts


   Skills:
 + Level 11.5(13.3) Fighting
 + Level 11.8 Short Blades
 + Level 11.5 Long Blades
 + Level 11.5 Axes
 + Level 11.5 Maces & Flails
 + Level 11.5 Polearms
 + Level 11.5 Staves
 + Level 11.5(12.6) Slings
 + Level 11.5(12.6) Bows
 + Level 11.5(12.6) Crossbows
 + Level 11.5(12.6) Throwing
 + Level 11.5 Armour
 + Level 12.3(13.5) Dodging
 + Level 12.8(14.0) Stealth
 + Level 11.5 Shields
 + Level 11.5 Unarmed Combat
 + Level 12.5(14.3) Spellcasting
 + Level 9.7(10.9) Conjurations
 + Level 11.1(12.3) Hexes
 + Level 9.7 Summonings
 + Level 9.7 Necromancy
 + Level 9.7(10.9) Translocations
 + Level 9.7(10.9) Transmutations
 + Level 9.7 Fire Magic
 + Level 9.7 Ice Magic
 + Level 9.7 Air Magic
 + Level 9.7 Earth Magic
 + Level 9.7(10.9) Poison Magic
 + Level 12.4 Invocations
 + Level 11.5 Evocations


You had 11 spell levels left.
You knew the following spells:

 Your Spells              Type           Power      Damage    Failure   Level
a - Magic Dart            Conj           100%       1d8       1%          1
b - Blink                 Tloc           100%       N/A       1%          2
c - Confusing Touch       Hex            59%        N/A       1%          3
d - Tukima's Dance        Hex            59%        N/A       1%          3
e - Frozen Ramparts       Ice            100%       1d12      1%          3
f - Conjure Flame         Conj/Fire      53%        6-21      1%          3
h - Ensorcelled Hibernat  Hex/Ice        100%       N/A       1%          2
i - Iron Shot             Conj/Erth      26%        9d6       10%         6
t - Sticky Flame          Conj/Fire      53%        2d7       1%          4
z - Dazzling Flash        Conj/Hex       100%       N/A       1%          3
C - Mephitic Cloud        Conj/Pois/Air  54%        N/A       1%          3

Your spell library contained the following spells:

 Spells                   Type           Power      Damage    Failure   Level
 Shock                    Conj/Air       100%       1d9       1%          1
 Slow                     Hex            100%       N/A       1%          1
 Sublimation of Blood     Necr           52%        N/A       1%          2
 Wereblood                Tmut           55%        N/A       1%          2
 Ignite Poison            Fire/Tmut/Pois 54%        N/A       1%          3
 Inner Flame              Hex/Fire       55%        N/A       1%          3
 Lesser Beckoning         Tloc           55%        N/A       1%          3
 Portal Projectile        Hex/Tloc       100%       N/A       1%          3
 Swiftness                Air            52%        N/A       1%          3
 Vampiric Draining        Necr           52%        2d9       1%          3
 Airstrike                Air            26%        N/A       1%          4
 Animate Dead             Necr           26%        N/A       1%          4
 Cause Fear               Hex            29%        N/A       1%          4
 Flame Wave               Conj/Fire      53%        2d11      1%          4
 Hailstorm                Conj/Ice       53%        3d12      1%          4
 Ice Form                 Ice/Tmut       53%        N/A       1%          4
 Petrify                  Tmut/Erth      53%        N/A       1%          4
 Summon Ice Beast         Ice/Summ       52%        N/A       1%          4
 Blade Hands              Tmut           27%        N/A       1%          5
 Fireball                 Conj/Fire      26%        3d12      1%          5
 Freezing Cloud           Conj/Ice/Air   26%        6-21      1%          5
 Iskenderun's Battlesphe  Conj           55%        2d11      1%          5
 Manifold Assault         Tloc           55%        N/A       1%          5
 Metabolic Englaciation   Hex/Ice        27%        N/A       1%          5
 Borgnjor's Vile Clutch   Necr/Erth      26%        N/A       2%          5
 Excruciating Wounds      Necr           26%        N/A       2%          5
 Conjure Ball Lightning   Conj/Air       26%        3x3d7     10%         6
 Statue Form              Tmut/Erth      35%        N/A       10%         6
 Death Channel            Necr           26%        N/A       13%         6
 Orb of Destruction       Conj           27%        9d9       38%         7
 Summon Hydra             Summ           26%        N/A       56%         7
 Discord                  Hex            29%        N/A       88%         8
 Disjunction              Tloc           27%        N/A       97%         8


Dungeon Overview and Level Annotations

Branches:
Dungeon (15/15)            Temple (1/1) D:4            Lair (6/6) D:9
 Shoals (4/4) Lair:2        Snake (0/4) Lair:4          Orc (2/2) D:12
    Elf (0/3) Orc:2        Vaults (0/5) D:14         Depths (0/4) D:15
 Bailey (visited)         Volcano (visited)
  Slime: Lair:5-6

Altars:
Ashenzari
Cheibriados
Dithmenos
Elyvilon
Fedhas
Gozag
Hepliaklqana
Kikubaaqudgha
Makhleb
Nemelex Xobeh
Okawaru
Qazlal
Ru
Sif Muna
Trog
Uskayaw
Vehumet
Wu Jian
Xom
Yredelemnul
Zin
The Shining One

Shops:
D:11 *   D:14 !   Orc:2 [([[!((!:

Annotations:
D:2 1 runed translucent door, Crazy Yiuf
D:3 1 runed translucent door, exclusion: player ghost, arghonaut's ghost, amateur GnEn
D:4 exclusion: black bear, Sigmund
D:10 exclusion: skeletal warrior
D:14 Louise; Roxanne
Lair:2 4 transporters, Kotami's ghost, journeyman OpFi
Lair:6 exclusions: 3 doors, obsidian statue and 2 oklob plants


Innate Abilities, Weirdness & Mutations

You have very sharp teeth.
Your uncanny sense of smell can sniff out nearby items.
Your experience applies equally to all skills.
You have sharp fingernails.
You are weak. (Str -2)


Message History

Found 12 gold pieces.
Casting: Tukima's Dance (safe; 1% risk of failure)
Confirm with . or Enter, or press ? or * to list all spells.
Aiming: Tukima's Dance (safe; 1% risk of failure)
Press: ? - help, Shift-Dir - straight line, f - merfolk
Aim: a merfolk, wielding a +0 trident (chance to affect: 59%)
The +0 trident dances into the air!
The merfolk impaler hits you from afar with a +5 trident of protection!
You puncture the merfolk! Your bite misses the merfolk.
The merfolk is moderately wounded.
The merfolk impaler completely misses you.
You closely miss the merfolk.
The merfolk is moderately wounded.
The merfolk completely misses you. The merfolk impaler closely misses you.
Your +0 trident hits the merfolk!
You catch the helpless merfolk completely off-guard!
You impale the merfolk!!
The merfolk is almost dead.
The merfolk impaler hits you from afar with a +5 trident of protection!
The merfolk closely misses you.
You puncture the merfolk!
You kill the merfolk!
The merfolk impaler hits you from afar with a +5 trident of protection!
Found a wand of paralysis (4).
The merfolk impaler misses you. The merfolk impaler closely misses you.
Casting: Tukima's Dance (safe; 1% risk of failure)
Confirm with . or Enter, or press ? or * to list all spells.
Aiming: Ensorcelled Hibernation (safe; 1% risk of failure)
Press: ? - help, Shift-Dir - straight line, f - merfolk impaler
Aim: a merfolk impaler, wielding a +5 trident of protection and wearing a +0 leather armour (ally target, chance to affect: 54%)
The merfolk impaler looks drowsy...
Your +0 trident falls from the air.
The helpless merfolk impaler fails to defend itself.
You stick the merfolk impaler like a pincushion!!!!
The arc blade crackles.
The air crackles with electrical energy.
You kill the merfolk impaler!
You hear a splash. x2
You enter the shallow water.
Moving in this stuff is going to be slow.
Things that are here:
a +5 trident of protection; a +0 leather armour A merfolk comes into view.
It is wielding a +0 trident.
Found 17 gold pieces.
The merfolk shouts!
You hear a shout!
A water nymph comes into view.
You see here a wand of paralysis (4).
U - a wand of paralysis (14) (gained 4 charges)
The merfolk closely misses you.
The frost giant gestures at you while chanting.
The bolt of cold hits you!
Casting: Ensorcelled Hibernation (safe; 1% risk of failure)
Confirm with . or Enter, or press ? or * to list all spells.
Aiming: Ensorcelled Hibernation (safe; 1% risk of failure)
Press: ? - help, Shift-Dir - straight line, f - merfolk
Aim: a merfolk, wielding a +0 trident (chance to affect: 54%)
The merfolk looks drowsy...
The frost giant points at you and mumbles some strange words.
The bolt of cold hits you!!
The helpless merfolk fails to defend itself.
You spit the merfolk like a pig!!!!
You kill the merfolk!
Casting: Ensorcelled Hibernation (safe; 1% risk of failure)
Confirm with . or Enter, or press ? or * to list all spells.
Aiming: Ensorcelled Hibernation (safe; 1% risk of failure)
Press: ? - help, Shift-Dir - straight line, f - water nymph
Aim: a water nymph (chance to affect: 10%)
Okay, then.
You puncture the water nymph!
The arc blade crackles.
The water nymph is struck by an arc of lightning!
The water nymph is heavily wounded.
You resist.
You are struck by an arc of lightning.
The water nymph is struck by an arc of lightning.
The water nymph is heavily wounded.
The lightning grounds out.
You punch the water nymph, but do no damage.
The water nymph is heavily wounded.
The frost giant casts a spell at you. The bolt of cold hits you!!
The merfolk javelineer throws a silver javelin.
The silver javelin pierces through you! The silver sears you!
As you read the scroll of teleportation {@r3}, it crumbles to dust.
You feel strangely unstable. The water nymph touches you.
The water nymph drowns you!
* * * LOW HITPOINT WARNING * * *
Splash!
You fall into the shallow water.
Moving in this stuff is going to be slow.
The merfolk javelineer throws a silver javelin.
The silver javelin pierces through you!
* * * LOW HITPOINT WARNING * * *
The silver sears you!
* * * LOW HITPOINT WARNING * * *
Okay, then.
Splash!
You fall into the shallow water.
Moving in this stuff is going to be slow.
The frost giant casts a spell at you. The bolt of cold hits you!!
You die...

≈≈≈≈≈≈≈≈......P....≈...P...
≈≈≈≈≈≈≈≈.........≈≈≈≈.....
≈ ≈
≈≈≈≈≈≈≈.P.P....≈P≈P≈≈≈≈...
≈≈≈≈≈≈≈)<.P....≈≈≈P≈≈≈≈P..
≈≈≈≈≈≈..........m[≈≈P≈≈≈≈≈
*
≈≈≈≈≈≈..##.)......≈≈≈P≈≈≈.
≈≈≈≈≈≈..####.C)..≈≈≈≈≈P...≈
≈≈≈≈≈.. ###.≈..≈....###...
≈≈≈≈...##@○.........# #...
≈
≈≈≈..###≈m≈.###.....##...#
≈≈≈≈. *##≈).# ...........
*** ≈≈≈ #.≈≈....≈≈≈.......≈
∆ ≈≈≈≈$......≈≈...≈≈ ≈ ≈
≈≈≈≈≈......≈≈≈≈≈ ≈ ≈
≈≈≈≈≈≈≈≈....≈≈≈ ≈ ≈
≈≈≈≈≈≈.$..≈≈≈ * ≈
≈≈≈≈≈≈..≈≈≈≈≈≈ ,


You could see a frost giant, a merfolk javelineer and a water nymph.

Vanquished Creatures
  Nikola (Shoals:3)
  A tentacled starspawn (Abyss:3)
  Donald (Shoals:3)
  A fire giant (D:15)
  An orc warlord (Orc:2)
  Josephine (D:14)
  4 merfolk impalers
  7 merfolk javelineers
  A fire dragon (D:13)
  2 boulder beetles
  The ghost of HilariousDeathArtist the Fighter, a journeyman VSBe of Trog (D:13)
  3 vault guards (D:14)
  A quicksilver dragon skeleton (Abyss:4)
  9 hydras
  3 centaur warriors (D:14)
  A catoblepas (D:15)
  5 death yaks (Lair:6)
  A merfolk aquamancer (Shoals:1)
  3 two-headed ogres
  A tengu warrior (D:14)
  A hell hog (Abyss:3)
  Sonja (D:13)
  3 skeletal warriors
  A wretched star (Abyss:4)
  5 sea snakes
  5 orc knights
  10 harpies
  A wolf spider (D:15)
  An anaconda skeleton (Volcano)
  5 deep elf pyromancers
  13 ugly things
  2 necromancers (Lair:6)
  12 cyclopes
  7 fauns
  9 manticores
  A moth of wrath (Lair:4)
  2 water nymphs
  2 worldbinders
  A dire elephant zombie (Lair:6)
  A moth of wrath (shapeshifter) (Abyss:4)
  6 black mambas
  6 merfolk sirens
  12 elephants
  10 cane toads
  4 large abominations
  2 apocalypse crabs (Abyss:4)
  A torpor snail (Lair:5)
  3 gargoyles (Volcano)
  2 unseen horrors
  8 komodo dragons
  4 yaktaurs (D:15)
  A freezing wraith (D:14)
  3 kobold demonologists (D:13)
  2 rime drakes
  An efreet (Abyss:4)
  2 tengu conjurers
  A troll (shapeshifter) (D:13)
  2 ancient zymes (Abyss:4)
  5 wind drakes
  A meliai (shapeshifter) (D:15)
  6 trolls
  A hornet (Lair:5)
  A polar bear (Lair:4)
  Grinder (D:3)
  21 merfolk
  Prince Ribbit (D:5)
  A harpy skeleton (Volcano)
  25 blink frogs
  8 raiju
  7 slime creatures
  7 dream sheep (Lair:5)
  5 snapping turtles
  2 flying skulls (Volcano)
  94 yaks
  A water elemental (Shoals:3)
  7 wyverns
  A vampire (D:11)
  A ynoxinul (Abyss:3)
  6 wraiths
  A steam dragon (D:9)
  2 death yak simulacra (Lair:6)
  4 basilisks
  A dancing weapon (D:5)
  A neqoxec (Abyss:4)
  4 vampire mosquitoes (D:14)
  2 wargs (Orc:2)
  A spectral cane toad (Lair:6)
  3 swamp worms (Lair:4)
  2 acid dragons
  15 water moccasins
  Duvessa (D:5)
  36 orc warriors
  3 small abominations
  2 sky beasts
  2 black bears
  2 ice beasts
  5 ogres
  11 wolves
  23 centaurs
  3 kobold brigands
  9 bullfrogs
  A necrophage (D:6)
  A cane toad simulacrum (Lair:6)
  5 scorpions
  Dowan (D:5)
  An elephant simulacrum (Lair:6)
  9 killer bees (D:10)
  2 howler monkeys
  A troll skeleton (Volcano)
  An electric eel (Lair:2)
  3 hounds
  A gnoll shaman (D:8)
  12 orc priests
  An iron imp (Abyss:4)
  Jessica (D:2)
  8 orc wizards
  2 iguanas
  2 naga skeletons (Volcano)
  9 gnolls
  4 adders
  4 white imps
  A worm (D:2)
  2 dart slugs
  64 orcs
  2 ball pythons (D:3)
  A bat (D:1)
  4 endoplasms
  5 giant cockroaches
  7 goblins
  4 hobgoblins
  17 kobolds
  A quokka (D:1)
  4 frilled lizards
  5 rats
722 creatures vanquished.

Vanquished Creatures (collateral kills)
  A merfolk javelineer (Shoals:3)
  2 merfolk impalers (Shoals:4)
  A two-headed ogre (D:12)
  2 orc knights (Orc:2)
  A merfolk (Shoals:3)
  2 water elementals (Shoals:1)
  3 orc warriors (Orc:2)
  An orc wizard (Orc:2)
  A gnoll (D:3)
14 creatures vanquished.

Vanquished Creatures (others)
  12 dancing weapons
  A basilisk (D:9)
  2 orc warriors (Orc:2)
  An orc (Orc:2)
  A fire vortex (Lair:1)
  24 fungi
  48 plants
  7 starspawn tentacles
  20 withered plants (Lair:6)
116 creatures vanquished.

Grand Total: 852 creatures vanquished

Notes
Turn   | Place    | Note
-------+----------+-------------------------------------------
     0 | D:1      | edsrzf the Gnoll Enchanter began the quest for the Orb.
     0 | D:1      | Reached XP level 1. HP: 13/13 MP: 6/6
   102 | D:1      | Reached XP level 2. HP: 19/19 MP: 7/7
   106 | D:1      | Learned a level 2 spell: Ensorcelled Hibernation
   685 | D:1      | Reached XP level 3. HP: 25/25 MP: 6/9
   792 | D:1      | Reached skill level 5 in Spellcasting
  1189 | D:2      | Found a faded altar of an unknown god.
  1223 | D:2      | Got Plato's Papyrus of Arcane Weapons
  1256 | D:2      | Learned a level 1 spell: Magic Dart
  1268 | D:2      | Noticed Jessica
  1936 | D:2      | Killed Jessica
  1937 | D:2      | Reached skill level 1 in Fighting
  1937 | D:2      | Reached skill level 1 in Long Blades
  1937 | D:2      | Reached skill level 1 in Axes
  1937 | D:2      | Reached skill level 1 in Maces & Flails
  1937 | D:2      | Reached skill level 1 in Polearms
  1937 | D:2      | Reached skill level 1 in Staves
  1937 | D:2      | Reached skill level 1 in Slings
  1937 | D:2      | Reached skill level 1 in Bows
  1937 | D:2      | Reached skill level 1 in Crossbows
  1937 | D:2      | Reached skill level 1 in Throwing
  1937 | D:2      | Reached skill level 1 in Armour
  1937 | D:2      | Reached skill level 6 in Stealth
  1937 | D:2      | Reached skill level 1 in Shields
  1937 | D:2      | Reached skill level 1 in Unarmed Combat
  1937 | D:2      | Reached skill level 1 in Invocations
  1937 | D:2      | Reached skill level 1 in Evocations
  2209 | D:2      | Found a runed translucent door.
  2210 | D:2      | Noticed Crazy Yiuf
  2235 | D:2      | Reached XP level 4. HP: 32/32 MP: 8/11
  2506 | D:3      | Noticed Grinder
  2529 | D:3      | Learned a level 3 spell: Confusing Touch
  2533 | D:3      | Learned a level 3 spell: Tukima's Dance
  2591 | D:3      | Found a runed translucent door.
  2591 | D:3      | Noticed arghonaut's ghost (amateur GnEn)
  2745 | D:3      | Identified 3 scrolls of identify
  2745 | D:3      | Identified a potion of degeneration
  2746 | D:3      | Identified a potion of resistance
  2747 | D:3      | Identified a scroll of immolation
  2810 | D:3      | Reached skill level 1 in Conjurations
  2810 | D:3      | Reached skill level 1 in Summonings
  2810 | D:3      | Reached skill level 1 in Necromancy
  2810 | D:3      | Reached skill level 1 in Translocations
  2810 | D:3      | Reached skill level 1 in Transmutations
  2810 | D:3      | Reached skill level 1 in Fire Magic
  2810 | D:3      | Reached skill level 1 in Ice Magic
  2810 | D:3      | Reached skill level 1 in Air Magic
  2810 | D:3      | Reached skill level 1 in Earth Magic
  2810 | D:3      | Reached skill level 1 in Poison Magic
  2820 | D:3      | Reached XP level 5. HP: 17/37 MP: 2/12
  3047 | D:3      | Killed Grinder
  3048 | D:3      | Reached skill level 2 in Fighting
  3048 | D:3      | Reached skill level 3 in Short Blades
  3048 | D:3      | Reached skill level 2 in Long Blades
  3048 | D:3      | Reached skill level 2 in Axes
  3048 | D:3      | Reached skill level 2 in Maces & Flails
  3048 | D:3      | Reached skill level 2 in Polearms
  3048 | D:3      | Reached skill level 2 in Staves
  3048 | D:3      | Reached skill level 2 in Slings
  3048 | D:3      | Reached skill level 2 in Bows
  3048 | D:3      | Reached skill level 2 in Crossbows
  3048 | D:3      | Reached skill level 2 in Throwing
  3048 | D:3      | Reached skill level 2 in Armour
  3048 | D:3      | Reached skill level 5 in Dodging
  3048 | D:3      | Reached skill level 2 in Shields
  3048 | D:3      | Reached skill level 2 in Unarmed Combat
  3048 | D:3      | Reached skill level 2 in Invocations
  3048 | D:3      | Reached skill level 2 in Evocations
  3048 | D:3      | Reached XP level 6. HP: 34/44 MP: 11/14
  3391 | D:4      | Identified the +5 dagger of Niucok {vorpal, Drain Str+3
                  | Dex+4}
  3476 | D:4      | Noticed Sigmund
  3507 | D:4      | Found a staircase to the Ecumenical Temple.
  3513 | Temple   | Entered the Ecumenical Temple
  3617 | Temple   | Became a worshipper of Ashenzari the Shackled
  3686 | D:4      | Noticed a black bear
  3762 | D:4      | Reached XP level 7. HP: 50/50 MP: 15/15
  4058 | D:5      | Entered Level 5 of the Dungeon
  4256 | D:5      | Reached skill level 2 in Conjurations
  4256 | D:5      | Reached skill level 2 in Summonings
  4256 | D:5      | Reached skill level 2 in Necromancy
  4256 | D:5      | Reached skill level 2 in Translocations
  4256 | D:5      | Reached skill level 2 in Transmutations
  4256 | D:5      | Reached skill level 2 in Fire Magic
  4256 | D:5      | Reached skill level 2 in Ice Magic
  4256 | D:5      | Reached skill level 2 in Air Magic
  4256 | D:5      | Reached skill level 2 in Earth Magic
  4256 | D:5      | Reached skill level 2 in Poison Magic
  4533 | D:5      | Reached skill level 3 in Invocations
  4593 | D:5      | Noticed Dowan
  4599 | D:5      | Noticed Duvessa
  4600 | D:5      | Killed Dowan
  4625 | D:5      | Killed Duvessa
  4626 | D:5      | Reached skill level 6 in Hexes
  4626 | D:5      | Reached XP level 8. HP: 34/57 MP: 1/16
  4642 | D:5      | Got the Almanac of Attacks
  4701 | D:5      | Identified a potion of mutation
  4717 | D:5      | Identified a potion of berserk rage
  4736 | D:5      | Identified a potion of curing
  4823 | D:5      | Reached skill level 3 in Fighting
  4823 | D:5      | Reached skill level 4 in Short Blades
  4823 | D:5      | Reached skill level 3 in Long Blades
  4823 | D:5      | Reached skill level 3 in Axes
  4823 | D:5      | Reached skill level 3 in Maces & Flails
  4823 | D:5      | Reached skill level 3 in Polearms
  4823 | D:5      | Reached skill level 3 in Staves
  4823 | D:5      | Reached skill level 3 in Slings
  4823 | D:5      | Reached skill level 3 in Bows
  4823 | D:5      | Reached skill level 3 in Crossbows
  4823 | D:5      | Reached skill level 3 in Throwing
  4823 | D:5      | Reached skill level 3 in Armour
  4823 | D:5      | Reached skill level 3 in Shields
  4823 | D:5      | Reached skill level 3 in Unarmed Combat
  4823 | D:5      | Reached skill level 3 in Evocations
  4841 | D:5      | Noticed Prince Ribbit
  4853 | D:5      | Killed Prince Ribbit
  4854 | D:5      | Reached skill level 6 in Spellcasting
  5477 | D:6      | Found a glowing golden altar of the Shining One.
  5501 | D:6      | Identified 2 potions of flight
  5509 | D:6      | Reached skill level 7 in Stealth
  5537 | D:6      | Identified 3 potions of haste
  5564 | D:6      | Identified 4 potions of attraction
  5653 | D:6      | Reached skill level 3 in Conjurations
  5653 | D:6      | Reached skill level 3 in Summonings
  5653 | D:6      | Reached skill level 3 in Necromancy
  5653 | D:6      | Reached skill level 3 in Translocations
  5653 | D:6      | Reached skill level 3 in Transmutations
  5653 | D:6      | Reached skill level 3 in Fire Magic
  5653 | D:6      | Reached skill level 3 in Ice Magic
  5653 | D:6      | Reached skill level 3 in Air Magic
  5653 | D:6      | Reached skill level 3 in Earth Magic
  5653 | D:6      | Reached skill level 3 in Poison Magic
  5653 | D:6      | Reached skill level 4 in Invocations
  5774 | D:6      | Reached skill level 6 in Dodging
  5838 | D:6      | Identified a potion of lignification
  5839 | D:6      | Identified a potion of heal wounds
  5865 | D:6      | Reached XP level 9. HP: 63/65 MP: 18/18
  6297 | D:7      | Reached skill level 4 in Fighting
  6297 | D:7      | Reached skill level 4 in Long Blades
  6297 | D:7      | Reached skill level 4 in Axes
  6297 | D:7      | Reached skill level 4 in Maces & Flails
  6297 | D:7      | Reached skill level 4 in Polearms
  6297 | D:7      | Reached skill level 4 in Staves
  6297 | D:7      | Reached skill level 4 in Slings
  6297 | D:7      | Reached skill level 4 in Bows
  6297 | D:7      | Reached skill level 4 in Crossbows
  6297 | D:7      | Reached skill level 4 in Throwing
  6297 | D:7      | Reached skill level 4 in Armour
  6297 | D:7      | Reached skill level 4 in Shields
  6297 | D:7      | Reached skill level 4 in Unarmed Combat
  6297 | D:7      | Reached skill level 4 in Evocations
  6730 | D:7      | Reached skill level 5 in Short Blades
  7219 | D:7      | Reached * piety under Ashenzari
  7219 | D:7      | Identified a scroll of brand weapon
  7219 | D:7      | Identified 2 scrolls of vulnerability
  7219 | D:7      | Identified a scroll of silence
  7219 | D:7      | Identified 2 scrolls of magic mapping
  7219 | D:7      | Identified a scroll of enchant armour
  7219 | D:7      | Identified 3 scrolls of enchant weapon
  7219 | D:7      | Identified 3 scrolls of teleportation
  7219 | D:7      | Identified a potion of cancellation
  7681 | D:8      | Reached skill level 5 in Invocations
  8125 | D:9      | Reached skill level 7 in Spellcasting
  8125 | D:9      | Reached XP level 10. HP: 72/75 MP: 14/21
  8135 | D:9      | Reached skill level 4 in Conjurations
  8135 | D:9      | Reached skill level 4 in Summonings
  8135 | D:9      | Reached skill level 4 in Necromancy
  8135 | D:9      | Reached skill level 4 in Translocations
  8135 | D:9      | Reached skill level 4 in Transmutations
  8135 | D:9      | Reached skill level 4 in Fire Magic
  8135 | D:9      | Reached skill level 4 in Ice Magic
  8135 | D:9      | Reached skill level 4 in Air Magic
  8135 | D:9      | Reached skill level 4 in Earth Magic
  8135 | D:9      | Reached skill level 4 in Poison Magic
  8239 | D:9      | Reached skill level 5 in Fighting
  8239 | D:9      | Reached skill level 5 in Long Blades
  8239 | D:9      | Reached skill level 5 in Axes
  8239 | D:9      | Reached skill level 5 in Maces & Flails
  8239 | D:9      | Reached skill level 5 in Polearms
  8239 | D:9      | Reached skill level 5 in Staves
  8239 | D:9      | Reached skill level 5 in Slings
  8239 | D:9      | Reached skill level 5 in Bows
  8239 | D:9      | Reached skill level 5 in Crossbows
  8239 | D:9      | Reached skill level 5 in Throwing
  8239 | D:9      | Reached skill level 5 in Armour
  8239 | D:9      | Reached skill level 5 in Shields
  8239 | D:9      | Reached skill level 5 in Unarmed Combat
  8239 | D:9      | Reached skill level 5 in Evocations
  8245 | D:9      | Reached skill level 7 in Hexes
  8247 | D:9      | Reached skill level 7 in Dodging
  8247 | D:9      | Reached skill level 8 in Stealth
  8275 | D:9      | Identified a scroll of blinking
  8332 | D:9      | Found a flagged portal.
  8338 | Bailey   | Entered a bailey
  8700 | Bailey   | Reached skill level 6 in Short Blades
  8902 | Bailey   | Identified a potion of experience
  8905 | Bailey   | Reached skill level 6 in Fighting
  8905 | Bailey   | Reached skill level 7 in Short Blades
  8905 | Bailey   | Reached skill level 6 in Long Blades
  8905 | Bailey   | Reached skill level 6 in Axes
  8905 | Bailey   | Reached skill level 6 in Maces & Flails
  8905 | Bailey   | Reached skill level 6 in Polearms
  8905 | Bailey   | Reached skill level 6 in Staves
  8905 | Bailey   | Reached skill level 6 in Slings
  8905 | Bailey   | Reached skill level 6 in Bows
  8905 | Bailey   | Reached skill level 6 in Crossbows
  8905 | Bailey   | Reached skill level 6 in Throwing
  8905 | Bailey   | Reached skill level 6 in Armour
  8905 | Bailey   | Reached skill level 8 in Dodging
  8905 | Bailey   | Reached skill level 6 in Shields
  8905 | Bailey   | Reached skill level 6 in Unarmed Combat
  8905 | Bailey   | Reached skill level 8 in Spellcasting
  8905 | Bailey   | Reached skill level 5 in Conjurations
  8905 | Bailey   | Reached skill level 5 in Summonings
  8905 | Bailey   | Reached skill level 5 in Necromancy
  8905 | Bailey   | Reached skill level 5 in Translocations
  8905 | Bailey   | Reached skill level 5 in Transmutations
  8905 | Bailey   | Reached skill level 5 in Fire Magic
  8905 | Bailey   | Reached skill level 5 in Ice Magic
  8905 | Bailey   | Reached skill level 5 in Air Magic
  8905 | Bailey   | Reached skill level 5 in Earth Magic
  8905 | Bailey   | Reached skill level 5 in Poison Magic
  8905 | Bailey   | Reached skill level 7 in Invocations
  8905 | Bailey   | Reached skill level 6 in Evocations
  8905 | Bailey   | Reached XP level 11. HP: 84/84 MP: 22/24
  8992 | Bailey   | Reached skill level 9 in Stealth
  8997 | Bailey   | Noticed an orc knight
  8998 | Bailey   | Noticed an orc knight
  9008 | Bailey   | Killed an orc knight
  9010 | Bailey   | Killed an orc knight
  9505 | D:9      | Reached skill level 8 in Hexes
  9522 | D:9      | Found a staircase to the Lair.
  9527 | D:9      | Identified 2 potions of might
  9814 | D:9      | Reached XP level 12. HP: 92/92 MP: 20/25
  9920 | D:10     | Entered Level 10 of the Dungeon
 10017 | D:10     | Identified a scroll of amnesia
 10055 | D:10     | Reached skill level 7 in Fighting
 10055 | D:10     | Reached skill level 7 in Long Blades
 10055 | D:10     | Reached skill level 7 in Axes
 10055 | D:10     | Reached skill level 7 in Maces & Flails
 10055 | D:10     | Reached skill level 7 in Polearms
 10055 | D:10     | Reached skill level 7 in Staves
 10055 | D:10     | Reached skill level 7 in Slings
 10055 | D:10     | Reached skill level 7 in Bows
 10055 | D:10     | Reached skill level 7 in Crossbows
 10055 | D:10     | Reached skill level 7 in Throwing
 10055 | D:10     | Reached skill level 7 in Armour
 10055 | D:10     | Reached skill level 7 in Shields
 10055 | D:10     | Reached skill level 7 in Unarmed Combat
 10055 | D:10     | Reached skill level 7 in Evocations
 10197 | D:10     | Identified a scroll of fog
 10599 | D:10     | Noticed a two-headed ogre
 10616 | D:10     | Killed a two-headed ogre
 10718 | D:10     | Reached skill level 6 in Conjurations
 10718 | D:10     | Reached skill level 6 in Summonings
 10718 | D:10     | Reached skill level 6 in Necromancy
 10718 | D:10     | Reached skill level 6 in Translocations
 10718 | D:10     | Reached skill level 6 in Transmutations
 10718 | D:10     | Reached skill level 6 in Fire Magic
 10718 | D:10     | Reached skill level 6 in Ice Magic
 10718 | D:10     | Reached skill level 6 in Air Magic
 10718 | D:10     | Reached skill level 6 in Earth Magic
 10718 | D:10     | Reached skill level 6 in Poison Magic
 10740 | D:10     | Reached skill level 8 in Invocations
 11216 | D:10     | Reached skill level 9 in Spellcasting
 11295 | Lair:1   | Entered Level 1 of the Lair of Beasts
 11329 | Lair:1   | Identified a scroll of torment
 11394 | Lair:1   | Identified 2 potions of magic
 11507 | Lair:1   | Identified a scroll of fear
 11534 | Lair:1   | Reached skill level 8 in Short Blades
 11678 | Lair:1   | Reached skill level 9 in Dodging
 12480 | Lair:2   | Found a transporter.
 12495 | Lair:2   | Found a bloodstained altar of Trog.
 12507 | Lair:2   | Found a transporter.
 12524 | Lair:2   | Noticed Kotami's ghost (journeyman OpFi)
 12566 | Lair:2   | Found a transporter.
 12616 | Lair:2   | Reached XP level 13. HP: 99/99 MP: 27/27
 12628 | Lair:2   | Found a staircase to the Shoals.
 12670 | Lair:2   | Reached skill level 10 in Stealth
 12774 | Lair:2   | Found a transporter.
 12795 | Lair:2   | Reached skill level 8 in Fighting
 12795 | Lair:2   | Reached skill level 8 in Long Blades
 12795 | Lair:2   | Reached skill level 8 in Axes
 12795 | Lair:2   | Reached skill level 8 in Maces & Flails
 12795 | Lair:2   | Reached skill level 8 in Polearms
 12795 | Lair:2   | Reached skill level 8 in Staves
 12795 | Lair:2   | Reached skill level 8 in Slings
 12795 | Lair:2   | Reached skill level 8 in Bows
 12795 | Lair:2   | Reached skill level 8 in Crossbows
 12795 | Lair:2   | Reached skill level 8 in Throwing
 12795 | Lair:2   | Reached skill level 8 in Armour
 12795 | Lair:2   | Reached skill level 8 in Shields
 12795 | Lair:2   | Reached skill level 8 in Unarmed Combat
 12795 | Lair:2   | Reached skill level 8 in Evocations
 12939 | Lair:2   | Identified a potion of brilliance
 13618 | Lair:3   | Identified the +7 hunting sling of Autumn {venom, rElec
                  | Dex+4 Stlth+}
 13734 | Lair:3   | Learned a level 2 spell: Blink
 14134 | Lair:4   | Reached skill level 9 in Invocations
 14286 | Lair:4   | Found a staircase to the Snake Pit.
 14531 | Lair:4   | Reached skill level 7 in Conjurations
 14531 | Lair:4   | Reached skill level 9 in Hexes
 14531 | Lair:4   | Reached skill level 7 in Summonings
 14531 | Lair:4   | Reached skill level 7 in Necromancy
 14531 | Lair:4   | Reached skill level 7 in Translocations
 14531 | Lair:4   | Reached skill level 7 in Transmutations
 14531 | Lair:4   | Reached skill level 7 in Fire Magic
 14531 | Lair:4   | Reached skill level 7 in Ice Magic
 14531 | Lair:4   | Reached skill level 7 in Air Magic
 14531 | Lair:4   | Reached skill level 7 in Earth Magic
 14531 | Lair:4   | Reached skill level 7 in Poison Magic
 14954 | Lair:4   | Reached skill level 9 in Short Blades
 15101 | Lair:4   | Reached skill level 10 in Spellcasting
 15604 | Lair:5   | Found a dark tunnel.
 15613 | Volcano  | Entered a volcano
 15805 | Volcano  | Reached skill level 10 in Dodging
 15979 | Lair:5   | Reached XP level 14. HP: 109/109 MP: 26/29
 16121 | Lair:5   | Reached skill level 9 in Fighting
 16121 | Lair:5   | Reached skill level 9 in Long Blades
 16121 | Lair:5   | Reached skill level 9 in Axes
 16121 | Lair:5   | Reached skill level 9 in Maces & Flails
 16121 | Lair:5   | Reached skill level 9 in Polearms
 16121 | Lair:5   | Reached skill level 9 in Staves
 16121 | Lair:5   | Reached skill level 9 in Slings
 16121 | Lair:5   | Reached skill level 9 in Bows
 16121 | Lair:5   | Reached skill level 9 in Crossbows
 16121 | Lair:5   | Reached skill level 9 in Throwing
 16121 | Lair:5   | Reached skill level 9 in Armour
 16121 | Lair:5   | Reached skill level 9 in Shields
 16121 | Lair:5   | Reached skill level 9 in Unarmed Combat
 16121 | Lair:5   | Reached skill level 9 in Evocations
 16405 | Lair:5   | Identified a potion of ambrosia
 16521 | Lair:6   | Entered Level 6 of the Lair of Beasts
 16609 | Lair:6   | Reached skill level 10 in Invocations
 16690 | Lair:6   | Reached skill level 11 in Stealth
 17463 | Lair:6   | Noticed a dire elephant
 17463 | Lair:6   | Noticed a dire elephant
 17496 | Lair:6   | Noticed a dire elephant
 17496 | Lair:6   | Noticed a dire elephant
 17496 | Lair:6   | Identified the Handbook of Confrontation and Snow
 17692 | Lair:6   | Noticed a dire elephant
 17870 | Lair:6   | Reached skill level 8 in Conjurations
 17870 | Lair:6   | Reached skill level 8 in Summonings
 17870 | Lair:6   | Reached skill level 8 in Necromancy
 17870 | Lair:6   | Reached skill level 8 in Translocations
 17870 | Lair:6   | Reached skill level 8 in Transmutations
 17870 | Lair:6   | Reached skill level 8 in Fire Magic
 17870 | Lair:6   | Reached skill level 8 in Ice Magic
 17870 | Lair:6   | Reached skill level 8 in Air Magic
 17870 | Lair:6   | Reached skill level 8 in Earth Magic
 17870 | Lair:6   | Reached skill level 8 in Poison Magic
 18584 | D:11     | Learned a level 3 spell: Conjure Flame
 18589 | D:11     | Learned a level 4 spell: Sticky Flame
 18625 | D:11     | Reached skill level 10 in Short Blades
 18694 | D:11     | Found Hinnymax's Assorted Antiques.
 18986 | D:11     | Found an ornate altar of the Wu Jian Council.
 19035 | D:11     | Reached ** piety under Ashenzari
 19734 | D:12     | Reached XP level 15. HP: 117/117 MP: 22/31
 19749 | D:12     | Learned a level 3 spell: Frozen Ramparts
 19779 | D:12     | Identified 3 scrolls of acquirement
 19788 | D:12     | Acquired a +1 pair of gloves of strength
 19789 | D:12     | Acquired the +7 morningstar of Townoug {vorpal, rPois rC+++
                  | rN++}
 19790 | D:12     | Acquired a +2 demon blade of electrocution
 19805 | D:12     | Reached skill level 11 in Spellcasting
 20305 | D:12     | Found a staircase to the Orcish Mines.
 20433 | Orc:1    | Entered Level 1 of the Orcish Mines
 20556 | Orc:2    | Entered Level 2 of the Orcish Mines
 20558 | Orc:2    | Found Omescheena's Weapon Shop.
 20586 | Orc:2    | Found Saicw's Antique Weapon Shoppe.
 20729 | Orc:2    | Found Ephaseb's Antique Armour Emporium.
 20762 | Orc:2    | Reached skill level 10 in Hexes
 20827 | Orc:2    | Noticed an orc warlord
 20928 | Orc:2    | Learned a level 3 spell: Dazzling Flash
 20934 | Orc:2    | Found Imirph's Book Emporium.
 21043 | Orc:2    | Found Tog Opaf's Distillery.
 21486 | Orc:2    | Reached skill level 11 in Dodging
 21560 | Orc:2    | Found a staircase to the Elven Halls.
 21615 | Orc:2    | Killed an orc warlord
 21616 | Orc:2    | Reached skill level 10 in Fighting
 21616 | Orc:2    | Reached skill level 10 in Long Blades
 21616 | Orc:2    | Reached skill level 10 in Axes
 21616 | Orc:2    | Reached skill level 10 in Maces & Flails
 21616 | Orc:2    | Reached skill level 10 in Polearms
 21616 | Orc:2    | Reached skill level 10 in Staves
 21616 | Orc:2    | Reached skill level 10 in Slings
 21616 | Orc:2    | Reached skill level 10 in Bows
 21616 | Orc:2    | Reached skill level 10 in Crossbows
 21616 | Orc:2    | Reached skill level 10 in Throwing
 21616 | Orc:2    | Reached skill level 10 in Armour
 21616 | Orc:2    | Reached skill level 10 in Shields
 21616 | Orc:2    | Reached skill level 10 in Unarmed Combat
 21616 | Orc:2    | Reached skill level 10 in Evocations
 22087 | Orc:2    | Found Xydymiub's Armour Shop.
 22087 | Orc:2    | Found Kuymn's Armour Shoppe.
 22089 | Orc:2    | Found Gykie's Distillery.
 22091 | Orc:2    | Found Meth's Antique Weapon Boutique.
 22678 | Orc:2    | Bought an embroidered cloak for 255 gold pieces
 22816 | D:13     | Gained mutation: You occasionally shout uncontrollably at
                  | your foes. [a neqoxec]
 22826 | D:13     | Reached skill level 11 in Invocations
 23011 | D:13     | Noticed HilariousDeathArtist's ghost (journeyman VSBe)
 23012 | D:13     | Found a runed translucent gate.
 23012 | D:13     | Found a runed translucent gate.
 23012 | D:13     | Found a runed translucent gate.
 23385 | D:13     | Noticed Sonja
 23391 | D:13     | Killed Sonja
 23698 | D:13     | Killed HilariousDeathArtist's ghost
 23911 | D:14     | Noticed Louise
 23941 | D:14     | Cast into level 3 of the Abyss (Louise)
 24008 | Abyss:3  | Found a corrupted altar of Lugonu.
 24091 | Abyss:3  | Noticed a tentacled starspawn
 24148 | Abyss:3  | Noticed a tentacled starspawn
 24170 | Abyss:3  | Killed a tentacled starspawn
 24583 | Abyss:4  | Noticed a bone dragon
 24611 | Abyss:4  | Found a corrupted altar of Lugonu.
 24642 | Abyss:4  | Found a corrupted altar of Lugonu.
 24819 | Abyss:4  | Noticed a tentacled starspawn
 24837 | D:14     | Escaped the Abyss
 24891 | D:14     | Lost mutation: You occasionally shout uncontrollably at
                  | your foes. [potion of mutation]
 24891 | D:14     | Gained mutation: Your mind is acute. (Int +2) [potion of
                  | mutation]
 24891 | D:14     | Gained mutation: You have hidden genetic defects. [potion
                  | of mutation]
 24892 | D:14     | Lost mutation: Your mind is acute. (Int +2) [potion of
                  | mutation]
 24892 | D:14     | Lost mutation: You have hidden genetic defects. [potion of
                  | mutation]
 24892 | D:14     | Gained mutation: You occasionally shout uncontrollably at
                  | your foes. [potion of mutation]
 24892 | D:14     | Gained mutation: You are dopey. (Int -2) [potion of
                  | mutation]
 24893 | D:14     | Lost mutation: You are dopey. (Int -2) [potion of mutation]
 24893 | D:14     | Lost mutation: You occasionally shout uncontrollably at
                  | your foes. [potion of mutation]
 24893 | D:14     | Gained mutation: You are weak. (Str -2) [potion of
                  | mutation]
 24893 | D:14     | Gained mutation: You have sharp fingernails. [potion of
                  | mutation]
 25081 | D:14     | Found a sacrificial altar of Ru.
 25281 | D:14     | Noticed Roxanne
 25446 | D:14     | Noticed Josephine
 25455 | D:14     | Killed Josephine
 25470 | D:14     | Reached skill level 12 in Stealth
 25916 | D:14     | Found Hyraadd's Distillery.
 26122 | D:14     | Found a gate to the Vaults.
 26315 | D:15     | Entered Level 15 of the Dungeon
 26349 | D:15     | Found a shimmering altar of Xom.
 26350 | D:15     | Found a shimmering altar of Xom.
 26350 | D:15     | Found a shimmering altar of Xom.
 26351 | D:15     | Found a shimmering altar of Xom.
 26420 | D:15     | Noticed a fire giant
 26423 | D:15     | Found a staircase to the Depths.
 26770 | D:15     | Killed a fire giant
 26879 | D:15     | Reached XP level 16. HP: 127/127 MP: 20/32
 26944 | D:15     | Identified a scroll of noise
 27037 | D:15     | Learned a level 6 spell: Iron Shot
 27232 | D:15     | Reached skill level 11 in Short Blades
 27389 | D:15     | Reached skill level 9 in Conjurations
 27389 | D:15     | Reached skill level 9 in Summonings
 27389 | D:15     | Reached skill level 9 in Necromancy
 27389 | D:15     | Reached skill level 9 in Translocations
 27389 | D:15     | Reached skill level 9 in Transmutations
 27389 | D:15     | Reached skill level 9 in Fire Magic
 27389 | D:15     | Reached skill level 9 in Ice Magic
 27389 | D:15     | Reached skill level 9 in Air Magic
 27389 | D:15     | Reached skill level 9 in Earth Magic
 27389 | D:15     | Reached skill level 9 in Poison Magic
 28216 | Shoals:1 | Entered Level 1 of the Shoals
 28566 | Shoals:1 | Upgraded the game from 0.29-a0-356-g7bc237e to
                  | 0.29-a0-358-gccd5be9
 28619 | Shoals:1 | Reached skill level 12 in Spellcasting
 29344 | Shoals:2 | Reached skill level 11 in Fighting
 29344 | Shoals:2 | Reached skill level 11 in Long Blades
 29344 | Shoals:2 | Reached skill level 11 in Axes
 29344 | Shoals:2 | Reached skill level 11 in Maces & Flails
 29344 | Shoals:2 | Reached skill level 11 in Polearms
 29344 | Shoals:2 | Reached skill level 11 in Staves
 29344 | Shoals:2 | Reached skill level 11 in Slings
 29344 | Shoals:2 | Reached skill level 11 in Bows
 29344 | Shoals:2 | Reached skill level 11 in Crossbows
 29344 | Shoals:2 | Reached skill level 11 in Throwing
 29344 | Shoals:2 | Reached skill level 11 in Armour
 29344 | Shoals:2 | Reached skill level 11 in Shields
 29344 | Shoals:2 | Reached skill level 11 in Unarmed Combat
 29344 | Shoals:2 | Reached skill level 11 in Evocations
 29588 | Shoals:2 | Reached skill level 12 in Invocations
 30109 | Shoals:3 | Reached skill level 12 in Dodging
 30319 | Shoals:3 | Learned a level 3 spell: Mephitic Cloud
 30356 | Shoals:3 | Found a runed translucent door.
 30363 | Shoals:3 | Noticed Donald
 30391 | Shoals:3 | Killed Donald
 30574 | Shoals:3 | Noticed Nikola
 30601 | Shoals:3 | HP: 4/130 [Nikola/arc of chain lightning (44)]
 30606 | Shoals:3 | Killed Nikola
 31000 | Shoals:3 | Reached skill level 11 in Hexes
 31065 | Shoals:3 | Identified the +10 short sword of Impermanence {vorpal,
                  | +Blink rElec}
 31535 | Shoals:3 | Reached XP level 17. HP: 20/122 MP: 23/35
 31966 | Shoals:4 | Entered Level 4 of the Shoals
 32225 | Shoals:4 | Killed from afar by a frost giant

Illustrated notes

Levels and vault maps discovered:
D:1:      lightli_iron_boxes, layout_loops_ring, minmay_split_cup_small
D:2:      layout_basic, shapermc_ecumenical_altar_rom_forum,
          uniq_crazy_yiuf_cottage, uniq_jessica
D:3:      layout_loops_ring, hellmonk_ghost_happy_afterlife, uniq_grinder
D:4:      layout_cave_pools, minmay_temple_entry_enclosed_plants,
          kennysheep_small_square, uniq_sigmund
D:5:      layout_loops_ring, uniq_duvessa, uniq_prince_ribbit1
D:6:      nicolae_cairo_tiling, layout_cave_pools, mainiacjoe_overflow_paths
D:7:      layout_basic, wad_floor_pattern_1
D:8:      layout_rooms, minmay_misc_feat_alley
D:9:      layout_gridville, erik_lair_dragon, enter_bailey_2
D:10:     layout_roguey, roderic_lattice_a, chequers_decorated_corner
D:11:     layout_loops_ring, serial_shops, nicolae_shop_overgrown_old_shop,
          minmay_statues_item, nzn_wu_jian_council_hall
D:12:     layout_loops_ring, hiddenorc1_lemuel
D:13:     layout_roguey, gammafunk_ghost_hydra_chop, uniq_sonja
D:14:     layout_long_grid, lightli_vaults_fourway_checkpoint, serial_shops,
          kennysheep_mini, kennysheep_flooded_box, uniq_roxanne, uniq_josephine,
          uniq_louise
D:15:     grunt_enter_depths_giant_problem, layout_basic, xom_redecorated
Temple:   kilobyte_greek_temple
Lair:1:   layout_gridlike
Lair:2:   gammafunk_worm_tunnel, layout_regular_city, elwin_shoals_entry_rooms,
          gammafunk_ghost_wrathful_warriors, chequers_serial_rivers_micro_d
Lair:3:   layout_regular_city
Lair:4:   layout_regular_city, minmay_snake_entry_six_corridors, worms_lemuel
Lair:5:   layout_hall_layers, lightli_volcano_entry_magma_tube
Lair:6:   due_jungle_book, layout_misc_corridors,
          minmay_slime_entry_oklob_enclosed, grunt_megastairs_5,
          serial_bayou_shore_b, infiniplex_staircase_pool_2, lemuel_fruit_tree
Shoals:1: layout_shoals
Shoals:2: layout_shoals
Shoals:3: layout_shoals, lightli_airlock, uniq_donald, uniq_nikola
Shoals:4: shoals_end_grunt_ice, layout_shoals, nicolae_shoals_undead_eyrie
Orc:1:    layout_caves
Orc:2:    st_orc_rangers, layout_caves, serial_shops, nicolae_lakefront_shop,
          nicolae_shop_temple_entry_statues_fountains, shop_fountains,
          nicolae_shop_waterfront, nicolae_shop_statue_plus

Skill      XL: |  1  2  3  4  5  6  7  8  9 10 11 12 13 14 15 16 |
---------------+-------------------------------------------------+-----
Spellcasting   | 5 6 7 8 9 10 11 12 | 12.5
Fighting       | 1 2 3 4 6 7 8 9 10 11 | 11.5
Long Blades    | 1 2 3 4 6 7 8 9 10 11 | 11.5
Axes           | 1 2 3 4 6 7 8 9 10 11 | 11.5
Maces & Flails | 1 2 3 4 6 7 8 9 10 11 | 11.5
Polearms       | 1 2 3 4 6 7 8 9 10 11 | 11.5
Staves         | 1 2 3 4 6 7 8 9 10 11 | 11.5
Slings         | 1 2 3 4 6 7 8 9 10 11 | 11.5
Bows           | 1 2 3 4 6 7 8 9 10 11 | 11.5
Crossbows      | 1 2 3 4 6 7 8 9 10 11 | 11.5
Throwing       | 1 2 3 4 6 7 8 9 10 11 | 11.5
Armour         | 1 2 3 4 6 7 8 9 10 11 | 11.5
Stealth        | 6 7 8 9 10 11 12 | 12.8
Shields        | 1 2 3 4 6 7 8 9 10 11 | 11.5
Unarmed Combat | 1 2 3 4 6 7 8 9 10 11 | 11.5
Invocations    | 1 2 3 4 5 7 8 9 10 11 12 | 12.4
Evocations     | 1 2 3 4 6 7 8 9 10 11 | 11.5
Conjurations   | 1 2 3 5 6 7 8 9 |  9.7
Summonings     | 1 2 3 5 6 7 8 9 |  9.7
Necromancy     | 1 2 3 5 6 7 8 9 |  9.7
Translocations | 1 2 3 5 6 7 8 9 |  9.7
Transmutations | 1 2 3 5 6 7 8 9 |  9.7
Fire Magic     | 1 2 3 5 6 7 8 9 |  9.7
Ice Magic      | 1 2 3 5 6 7 8 9 |  9.7
Air Magic      | 1 2 3 5 6 7 8 9 |  9.7
Earth Magic    | 1 2 3 5 6 7 8 9 |  9.7
Poison Magic   | 1 2 3 5 6 7 8 9 |  9.7
Short Blades   | 3 4 5 7 8 9 10 11 | 11.8
Dodging        | 5 6 8 9 10 11 12 | 12.3
Hexes          | 6 7 8 9 10 11 | 11.1

Action                   |  1- 3 |  4- 6 |  7- 9 | 10-12 | 13-15 | 16-18 || total
-------------------------+-------+-------+-------+-------+-------+-------++-------
Melee: Dagger            |    72 |    29 |   144 |   208 |  1308 |   262 ||  2023
       Bite              |     4 |     2 |    18 |    19 |   197 |    39 ||   279
       Punch             |       |       |     3 |     8 |   112 |    20 ||   143
       Rapier            |       |       |       |       |       |    67 ||    67
Throw: Throwing net      |       |       |       |       |     1 |     2 ||     3
 Cast: Ensorcelled Hiber |    12 |     6 |    45 |   110 |   359 |   161 ||   693
       Magic Dart        |     1 |    25 |    26 |       |     7 |     1 ||    60
       Confusing Touch   |       |     2 |     6 |    11 |    59 |     3 ||    81
       Tukima's Dance    |       |     1 |     4 |     3 |    22 |    27 ||    57
       Dazzling Flash    |       |       |       |       |    12 |    11 ||    23
       Blink             |       |       |       |       |     4 |     3 ||     7
       Conjure Flame     |       |       |       |       |     4 |     2 ||     6
       Frozen Ramparts   |       |       |       |       |     3 |     4 ||     7
       Sticky Flame      |       |       |       |       |     2 |     1 ||     3
       Iron Shot         |       |       |       |       |       |     9 ||     9
Invok: Curse Item        |       |       |     2 |       |     1 |     1 ||     4
       Shatter the Chain |       |       |       |       |       |     1 ||     1
Evoke: Wand              |       |       |       |     1 |     4 |     9 ||    14
       Tin of tremorston |       |       |       |       |     1 |       ||     1
  Use: Scroll            |       |     3 |     8 |       |    15 |    10 ||    36
       Potion            |       |       |     3 |     2 |     8 |    12 ||    25
 Stab: Sleeping          |    14 |    13 |    35 |    82 |   235 |    76 ||   455
       Confused          |       |     1 |     3 |     5 |    64 |     2 ||    75
       Invisible         |       |       |     1 |     5 |    12 |     9 ||    27
       Distracted        |       |       |       |     1 |     5 |     2 ||     8
       Paralysed         |       |       |       |       |     1 |       ||     1
       Held in net/web   |       |       |       |       |     1 |       ||     1
       Betrayed ally     |       |       |       |       |       |     2 ||     2
Armor: Robe              |     7 |     4 |    27 |    29 |       |       ||    67
       Steam dragon scal |       |       |       |    23 |   431 |   118 ||   572
Dodge: Dodged            |    38 |    11 |    68 |   123 |  1060 |   315 ||  1615

Table legend: (Time is in decaauts)
 A = Elapsed time spent in this place.
 B = Non-inter-level travel time spent in this place.
 C = Inter-level travel time spent in this place.
 D = Time resting spent in this place.
 E = Time spent auto-exploring this place.
 F = Levels seen in this place.
 G = Mean time per level.
                   A        B        C        D        E       F      G
               +--------+--------+--------+--------+--------+-----+--------+
         Total |  31570 |  29878 |   1692 |   7992 |  13571 |  32 |  986.6 |
       Dungeon |  16749 |  15822 |    927 |   4381 |   7936 |  15 | 1116.6 |
        Temple |    142 |    102 |     40 |      0 |     90 |   1 |  142.0 |
          Lair |   6800 |   6421 |    379 |   1299 |   3423 |   6 | 1133.3 |
        Shoals |   4042 |   3880 |    162 |   1356 |   1308 |   4 | 1010.5 |
  Orcish Mines |   2175 |   1993 |    182 |    468 |    757 |   2 | 1087.5 |
         Abyss |    768 |    768 |      0 |    145 |      0 |   2 |  384.0 |
        Bailey |    675 |    675 |      0 |    341 |     55 |   1 |  675.0 |
       Volcano |    217 |    217 |      0 |      0 |      2 |   1 |  217.0 |
               +--------+--------+--------+--------+--------+-----+--------+

Top non-repeatable levels by time:
Shoals:3: 2184 daAuts
   Orc:2: 1754 daAuts
  Lair:6: 1667 daAuts
    D:14: 1548 daAuts
     D:5: 1405 daAuts
    D:15: 1389 daAuts
     D:9: 1337 daAuts
    D:10: 1321 daAuts
  Lair:4: 1300 daAuts
    D:13: 1223 daAuts
    D:12: 1210 daAuts
     D:2: 1195 daAuts
     D:1: 1160 daAuts
     D:7: 1102 daAuts
  Lair:2: 1071 daAuts
